 Dungeon Crawl Stone Soup version 0.29-a0-409-gd843f3a48c (webtiles) character file.

Game seed: 18179862444275182384

1754 jlumianski the Poker (level 8, -2/91 HPs)
             Began as a Demonspawn Fighter on May 13, 2022.
             Was an Initiate of Qazlal.
             Slain by a hornet (10 damage)
             ... on level 6 of the Dungeon.
             The game lasted 00:19:33 (5328 turns).

jlumianski the Poker (Demonspawn Fighter)           Turns: 5328, Time: 00:19:33

Health: -2/91      AC: 22    Str: 20    XL:     8   Next: 78%
Magic:  8/8        EV:  6    Int: 12    God:    Qazlal [......]
Gold:   293        SH:  5    Dex: 14    Spells: 7/7 levels left

rFire   . . .      SeeInvis +   q - +9 spear of the Kissing Scavenger {elec, SInv}
rCold   . . .      Faith    .   c - +0 buckler
rNeg    . . .      Spirit   .   x - +0 plate armour
rPois   +          Reflect  .   k - +0 hat of a volcano {rCorr Int+3 SInv}
rElec   .          Harm     .   l - +2 cloak
rCorr   +          Rampage  .   (no gloves)
Will    .....                   (no boots)
Stlth   ..........              (no amulet)
HPRegen 0.25/turn               j - +4 ring of protection
MPRegen 0.11/turn               w - ring of Toptehuo {rPois Str+2}

@: berserking, very quick
A: antennae 2, slimy green scales 2, spiny 1
a: Renounce Religion


You were on level 6 of the Dungeon.
You worshipped Qazlal.
Qazlal was noncommittal.
You visited 2 branches of the dungeon, and saw 7 of its levels.

You collected 293 gold pieces.

Inventory:

Hand Weapons
 a - a +0 war axe
 q - the +9 spear of the Kissing Scavenger (weapon) {elec, SInv}
   (You found it on level 2 of the Dungeon)

   It occasionally discharges a powerful burst of electricity upon striking a
   foe.
   SInv:      It lets you see invisible.
 t - a +2 spear of freezing
Missiles
 e - 3 poisoned darts (quivered)
 h - 253 stones
 n - 3 atropa-tipped darts
Armour
 b - a +0 scale mail
 c - a +0 buckler (worn)
 k - the +0 hat of a volcano (worn) {rCorr Int+3 SInv}
   (You acquired it on level 2 of the Dungeon)

   Int:       It affects your intelligence (+3).
   SInv:      It lets you see invisible.
   rCorr:     It protects you from acid and corrosion.
 l - a +2 cloak (worn)
 s - a +0 chain mail
 x - a +0 plate armour (worn)
 D - a +0 helmet
Jewellery
 j - a +4 ring of protection (left hand)
 w - the ring of Toptehuo (right hand) {rPois Str+2}
   (You found it on level 4 of the Dungeon)

   [ring of poison resistance]

   Str:       It affects your strength (+2).
   rPois:     It protects you from poison.
 A - an amulet of reflection
Wands
 p - a wand of charming (8)
 u - a wand of paralysis (12)
Scrolls
 r - a scroll of immolation
 v - 2 scrolls of teleportation
 y - a scroll of poison
Potions
 d - 3 potions of might
 f - a potion of berserk rage
 g - a potion of attraction
 i - a potion of lignification
 m - a potion of curing
 o - 3 potions of flight
 z - a potion of invisibility
 B - a potion of degeneration
 C - a potion of brilliance {unknown}


   Skills:
 + Level 4.7 Fighting
 - Level 2.4(5.5) Axes
 * Level 7.7(8.0) Polearms
 + Level 0.8 Throwing
 + Level 5.1 Armour
 + Level 0.7 Dodging
 + Level 0.3 Stealth
 + Level 4.0 Shields


You had 7 spell levels left.
You didn't know any spells.
Your spell library contained the following spells:

 Spells                   Type           Power      Damage    Failure   Level
 Animate Skeleton         Necr           0%         N/A       100%        1
 Apportation              Tloc           0%         N/A       100%        1
 Summon Small Mammal      Summ           0%         N/A       100%        1
 Static Discharge         Conj/Air       0%         N/A       100%        2
 Dispel Undead            Necr           0%         3d6       100%        4
 Sticky Flame             Conj/Fire      0%         2d3       100%        4
 Alistair's Intoxication  Tmut/Pois      0%         N/A       100%        5


Dungeon Overview and Level Annotations

Branches:
Dungeon (6/15)             Temple (1/1) D:5

Altars:
Ashenzari
Cheibriados
Dithmenos
Elyvilon
Fedhas
Hepliaklqana
Kikubaaqudgha
Makhleb
Okawaru
Qazlal
Ru
Sif Muna
Trog
Uskayaw
Vehumet
Xom
Zin
The Shining One

Shops:
D:3 =


Innate Abilities, Weirdness & Mutations

You have a pair of antennae on your head.
You are mostly covered in slimy green scales. (AC +3)
You are partially covered in sharp spines.


Message History

You are electrocuted!
* * * LOW HITPOINT WARNING * * *
You hit Pikel but do no damage.
Pikel is severely wounded.
Pikel hits you but does no damage.
You closely miss Pikel.
Pikel is severely wounded.
The lemure is struck by your spines. The lemure hits you but does no damage.
Pikel hits you but does no damage.
You hit Pikel.
Pikel is almost dead.
A hornet comes into view.
The hornet buzzes angrily.
You hit Pikel but do no damage.
Pikel is almost dead.
You block the lemure's attack. You block Pikel's attack.
You puncture Pikel!
You kill Pikel!
Qazlal accepts your kill.
With Pikel's spell broken, his former minions thank you for their freedom.
The lemure departs this earthly plane. x2
Your base Polearms skill increases to level 7!
Your Armour skill increases to level 5!
Your Shields skill increases to level 4!
You closely miss the hornet. The hornet is struck by your spines.
The hornet stings you!
* * * LOW HITPOINT WARNING * * *
A red film seems to cover your vision as you go berserk!
You feel yourself moving faster!
You feel mighty!
The hornet stings you but does no damage.
You block the hornet's attack.
You puncture the hornet!
The hornet is heavily wounded.
You puncture the hornet!
The hornet is almost dead.
The hornet completely misses you.
You closely miss the hornet.
The hornet is almost dead.
The hornet stings you!
You die...

...........................
.#####...#####.#...........
######.### #.######.####.
.......# #.. ....((.
########## ####.....#
####.....# #####...(#
.........# ##....§.(.#
######..<####..###.)..####
#§≈§≈#..........@y........
#≈._≈#...#########........
#≈8>≈#...# #########
#≈≈≈≈#...# ##''##...#
..§§...### .####### ##


You could see a hornet.

Vanquished Creatures
  Pikel (D:6)
  Grinder (D:6)
  Duvessa (D:4)
  An ogre (D:5)
  2 lemures (D:5)
  2 phantoms (D:5)
  A necrophage (D:6)
  4 scorpions
  Dowan (D:4)
  A howler monkey (D:5)
  A hound (D:4)
  2 orc priests
  2 iguanas
  3 orc wizards
  4 gnolls (D:5)
  3 adders
  4 worms
  A dart slug (D:4)
  8 orcs
  10 endoplasms
  2 giant cockroaches
  13 hobgoblins
  10 jackals
  3 quokkas
  4 ball pythons
  3 bats
  A frilled lizard (D:1)
  10 goblins
  11 kobolds
  5 rats
115 creatures vanquished.

Notes
Turn   | Place    | Note
-------+----------+-------------------------------------------
     0 | D:1      | jlumianski the Demonspawn Fighter began the quest for the
                  | Orb.
     0 | D:1      | Reached XP level 1. HP: 18/18 MP: 1/1
   239 | D:1      | Gained mutation: You have a pair of small antennae on your
                  | head. [demonic ancestry]
   239 | D:1      | Reached XP level 2. HP: 24/24 MP: 2/2
   614 | D:1      | Reached XP level 3. HP: 29/29 MP: 3/3
  1169 | D:2      | Noticed a shining eye
  1174 | D:2      | Found a faded altar of an unknown god.
  1397 | D:2      | Noticed a shining eye
  1401 | D:2      | Noticed an eye of devastation
  1566 | D:2      | Identified the +9 spear of the Kissing Scavenger {elec,
                  | SInv}
  1986 | D:2      | Noticed an eye of devastation
  2199 | D:2      | Identified a scroll of acquirement
  2199 | D:2      | Acquired the +0 hat of a volcano {rCorr Int+3 SInv}
  2280 | D:3      | Reached XP level 4. HP: 35/35 MP: 4/4
  2363 | D:3      | Found Lenwutis's Jewellery Shoppe.
  2534 | D:3      | Found a shimmering blue altar of Sif Muna.
  2535 | D:3      | Found a sacrificial altar of Ru.
  2871 | D:3      | Reached skill level 1 in Polearms
  2889 | D:3      | Gained mutation: You are partially covered in slimy green
                  | scales. (AC +2) [demonic ancestry]
  2889 | D:3      | Reached XP level 5. HP: 36/41 MP: 5/5
  3005 | D:3      | Found a snail-covered altar of Cheibriados.
  3390 | D:4      | Reached skill level 2 in Polearms
  3401 | D:4      | Identified the ring of Toptehuo {rPois Str+2}
  3576 | D:4      | Reached skill level 3 in Polearms
  3576 | D:4      | Gained mutation: You are mostly covered in slimy green
                  | scales. (AC +3) [demonic ancestry]
  3576 | D:4      | Reached XP level 6. HP: 47/48 MP: 6/6
  3576 | D:4      | Noticed Dowan
  3577 | D:4      | Noticed Duvessa
  3617 | D:4      | Killed Duvessa
  3622 | D:4      | Killed Dowan
  3827 | D:4      | Reached skill level 4 in Polearms
  3848 | D:5      | Entered Level 5 of the Dungeon
  3862 | D:5      | Gained mutation: You are partially covered in sharp spines.
                  | [demonic ancestry]
  3862 | D:5      | Reached XP level 7. HP: 54/54 MP: 7/7
  4065 | D:5      | Reached skill level 5 in Polearms
  4337 | D:5      | Found a staircase to the Ecumenical Temple.
  4350 | Temple   | Entered the Ecumenical Temple
  4433 | Temple   | Became a worshipper of Qazlal Stormbringer
  4714 | D:5      | Gained mutation: You have a pair of antennae on your head.
                  | [demonic ancestry]
  4714 | D:5      | Reached XP level 8. HP: 50/61 MP: 8/8
  5073 | D:6      | Reached skill level 6 in Polearms
  5148 | D:6      | Found a bloodstained altar of Trog.
  5151 | D:6      | Noticed Grinder
  5158 | D:6      | Paralysed by Grinder for 3 turns
  5165 | D:6      | Paralysed by Grinder for 4 turns
  5171 | D:6      | Killed Grinder
  5263 | D:6      | Noticed Pikel
  5319 | D:6      | Noticed a hornet
  5321 | D:6      | Killed Pikel
  5322 | D:6      | Reached skill level 7 in Polearms
  5322 | D:6      | Reached skill level 5 in Armour
  5328 | D:6      | Slain by a hornet

Illustrated notes

Levels and vault maps discovered:
D:1:      dpeg_arrival_connections, layout_loops_ring,
          minmay_misc_feat_diagonals
D:2:      layout_loops_corners, hellmonk_ecumenical_altar_watching_god,
          corexii_hall_statues_l
D:3:      layout_basic, amcnicky_altar_gilded, gammafunk_temple_overflow_pools,
          serial_shops, nicolae_shop_behind_doors, st_stairs_2
D:4:      layout_basic, uniq_duvessa
D:5:      layout_loops_ring, nicolae_elyvilon_peaceful_grove, temple_fountains
D:6:      layout_rooms, general_overflow_altar, uniq_pikel, uniq_grinder,
          uniq_eustachio, uniq_sigmund
Temple:   cyrus_circular_temple

Skill      XL: |  1  2  3  4  5  6  7  8 |
---------------+-------------------------+-----
Shields        | 3 4 |  4.0
Axes           | 2 |  2.4
Armour         | 3 4 5 |  5.1
Polearms       | 1 3 4 5 7 |  7.7
Fighting       | 4 |  4.7
Throwing       | |  0.8
Dodging        | |  0.7
Stealth        | |  0.3

Action                   |  1- 3 |  4- 6 |  7- 9 || total
-------------------------+-------+-------+-------++-------
Melee: War axe           |    96 |       |       ||    96
       Spear             |    13 |   110 |    96 ||   219
Throw: Dart              |     1 |     3 |     6 ||    10
  Use: Scroll            |     7 |     4 |     5 ||    16
       Potion            |       |     1 |     1 ||     2
Armor: Scale mail        |    64 |       |       ||    64
       Chain mail        |     4 |    40 |       ||    44
       Plate armour      |       |     6 |    25 ||    31
Dodge: Dodged            |    39 |    20 |    12 ||    71
Block: Buckler           |    17 |    15 |    12 ||    44

Table legend: (Time is in decaauts)
 A = Elapsed time spent in this place.
 B = Non-inter-level travel time spent in this place.
 C = Inter-level travel time spent in this place.
 D = Time resting spent in this place.
 E = Time spent auto-exploring this place.
 F = Levels seen in this place.
 G = Mean time per level.
                   A        B        C        D        E       F      G
               +--------+--------+--------+--------+--------+-----+--------+
         Total |   5364 |   5235 |    129 |    455 |   3194 |   7 |  766.3 |
       Dungeon |   5263 |   5134 |    129 |    455 |   3194 |   6 |  877.2 |
        Temple |    100 |    100 |      0 |      0 |      0 |   1 |  100.0 |
               +--------+--------+--------+--------+--------+-----+--------+

Top non-repeatable levels by time:
     D:2: 1546 daAuts
     D:3: 1155 daAuts
     D:5: 986 daAuts
     D:1: 742 daAuts
     D:4: 595 daAuts
     D:6: 238 daAuts
  Temple: 100 daAuts
